 Dungeon Crawl Stone Soup version 0.13.0-28-g1b50097 (webtiles) character file.

60336 Impy the Fighter (level 14, -10/115 HPs)
             Began as a Demonspawn Berserker on Nov 1, 2013.
             Was the Champion of Trog.
             Killed from afar by an orc sorcerer (26 damage)
             ... with a bolt of negative energy
             ... on Level 4 of the Orcish Mines on Nov 3, 2013.
             The game lasted 01:26:05 (22168 turns).

Impy the Fighter (Demonspawn Berserker)            Turns: 22168, Time: 01:26:05

HP -10/115       AC 26     Str 25      XL: 14   Next: 52%
MP   0/4         EV 10     Int  6      God: Trog [******]
Gold 1062        SH  0     Dex 15      Spells:  0 memorised, 13 levels left

Res.Fire  : . . .   See Invis. : .   A - +0,+5 great sword (antimagic)
Res.Cold  : . . .   Warding    : .   d - +0 plate armour
Life Prot.: . . .   Conserve   : .   (no shield)
Res.Poison: +       Res.Corr.  : .   F - +1 wizard hat
Res.Elec. : .       Clarity    : .   B - +2 cloak {rPois}
Sust.Abil.: . .     Spirit.Shd : +   T - +2 pair of gloves {Str+3}
Res.Mut.  : .       Stasis     : .   J - +2 pair of boots of the Shining One's Hope {Dex+2 Int-3 Dam+2}
Res.Rott. : .       Flight     : .   (no amulet)
Saprovore : . . .                    H - ring of protection from magic
                                     K - ring of sustenance

@: heavily drained, quite resistant to hostile enchantments, extremely
unstealthy
A: antennae 1, powered by death 1, magic shield, magic regeneration, magic link,
EV +3
a: Burn Spellbooks, Berserk, Trog's Hand, Brothers in Arms, Renounce Religion


You were on level 4 of the Orcish Mines.
You worshipped Trog.
Trog was exalted by your worship.
You were not hungry.

You visited 3 branches of the dungeon, and saw 21 of its levels.
You also visited: Sewer and Bailey.

You collected 2394 gold pieces.
You spent 1352 gold pieces at shops.

Inventory:

Hand weapons
 w - a +3,+4 demon blade of draining
 A - a +0,+5 anti-magic great sword (weapon)
 Q - a +3,+0 anti-magic demon blade
 S - the -1,+5 triple sword "Twoegybe" {slice, Int-1}
   (Trog gifted it to you on level 9 of the Dungeon)

   It inflicts extra damage upon your enemies.
   It affects your intelligence (-1).
Missiles
 Z - 6 javelins of returning (quivered)
Armour
 d - a +0 plate armour (worn)
 g - the -1 buckler of Nidaiw {rElec, unknown}
   (You acquired it on level 1 of the Orcish Mines)

   It insulates you from electricity.
 x - the +1 pair of boots of Egalitarianism {MR++ Int+4 Stlth--}
   (You found it on level 4 of the Dungeon)

   It affects your intelligence (+4).
   It affects your resistance to hostile enchantments.
   It makes you much less stealthy.
 z - a +2 pair of boots of flying
 B - a +2 cloak of poison resistance (worn)
 F - a +1 wizard hat (worn)
 J - the +2 pair of boots of the Shining One's Hope (worn) {Dex+2 Int-3 Dam+2}
   (You found it on level 7 of the Lair of Beasts)

   It affects your intelligence (-3).
   It affects your dexterity (+2).
   It affects your damage-dealing abilities (+2).
 T - a +2 pair of gloves of strength (worn)
Magical devices
 b - a wand of lightning (4)
 u - a wand of disintegration (11)
 y - a wand of fire (7)
 D - a wand of enslavement (14) {unknown}
 L - a wand of polymorph (16)
 M - a wand of teleportation (3)
 P - a wand of cold (1)
 U - a wand of cold (3)
Comestibles
 c - 3 bread rations
 l - 3 cheeses
 m - 6 meat rations
 V - a banana
 X - an apple
Scrolls
 f - 3 scrolls of fear
 p - 6 scrolls of fog
 q - a scroll of blinking
 s - 4 scrolls of teleportation
 v - 10 scrolls of remove curse
 E - 3 scrolls of enchant weapon I
 O - 2 scrolls of magic mapping
Jewellery
 r - an uncursed ring of teleport control
 t - an uncursed ring of poison resistance
 C - an uncursed ring of sustain abilities
 H - a ring of protection from magic (right hand)
 I - an uncursed ring of sustain abilities
 K - a ring of sustenance (left hand)
 N - an uncursed ring of flight
Potions
 a - a potion of invisibility
 e - 3 potions of agility
 h - 5 potions of magic
 i - 14 potions of curing
 k - 4 potions of might
 n - 7 potions of heal wounds
 o - a potion of cure mutation
 G - a potion of berserk rage
Books
 j - a book of War Chants

   Spells                             Type                      Level
   Fire Brand                         Charms/Fire                  2
   Freezing Aura                      Charms/Ice                   2
   Shroud of Golubria                 Charms/Translocation         2
   Repel Missiles                     Charms/Air                   2
   Poison Weapon                      Charms/Poison                3
   Regeneration                       Charms/Necromancy            3
   Trog disapproves of the use of such an item.
 R - a book of Party Tricks

   Spells                             Type                      Level
   Summon Butterflies                 Summoning                    1
   Apportation                        Translocation                1
   Blink                              Translocation                2
   Alistair's Intoxication            Transmutation/Poison         4
   Tukima's Dance                     Hexes                        5
   Trog disapproves of the use of such an item.


   Skills:
 + Level 14.7(13.0) Fighting
 + Level 13.7(12.0) Long Blades
   Level 2.1(0.9) Staves
 + Level 13.4(11.8) Armour
 - Level 1.7(0.5) Dodging


You had 13 spell levels left.
You didn't know any spells.

Dungeon Overview and Level Annotations

Branches:
Dungeon (9/27)             Temple (0/1) D:4             Orc (4/4) D:9
    Elf (0/3) Orc:3          Lair (8/8) D:9          Spider (0/5) Lair:4
  Slime (0/6) Lair:8
  Swamp: Lair:3-6    Shoals: Lair:3-6     Snake: Lair:3-6

Altars:
Kikubaaqudgha
Makhleb
Nemelex Xobeh
Okawaru
Sif Muna
Vehumet
Xom
Yredelemnul
Zin
the Shining One
Beogh

Shops:
D:9 *   Orc:1 }??[?   Orc:2 /   Orc:3 !

Annotations:
Lair:1 exclusion: oklob plant
Lair:3 3 exclusions


Innate Abilities, Weirdness & Mutations

You have a pair of small antennae on your head.
You are surrounded by a moderate repulsion field (EV +3).
You can steal the life force of nearby defeated enemies.
When hurt, damage is shared between your health and your magic reserves.
You regenerate magic rapidly.
When low on magic, you restore magic in place of health.


Message History

The orc sorcerer wields a runed orcish battleaxe.
It begins to drip with poison!
The orc sorcerer gestures at you while chanting.
The bolt of negative energy hits you!
You feel drained.
You closely miss the orc sorcerer.
The orc sorcerer points at you and mumbles some strange words.
The bolt of fire hits you!
One of your 3 scrolls of magic mapping catches fire!
* * * LOW HITPOINT WARNING * * *
You slash the orc sorcerer!
The orc sorcerer's magic leaks into the air.
The orc sorcerer is lightly wounded.
The orc sorcerer hits you with an orcish battleaxe of venom!
* * * LOW HITPOINT WARNING * * *
You slice the orc sorcerer!!
The orc sorcerer's magic leaks into the air.
The orc sorcerer is severely wounded.
The orc sorcerer gestures at you while chanting.
The bolt of negative energy hits you!
You feel drained.
You die...

,,,,,,,,,,,,,,,* ####)#....#
,,,,,,,,,,,,,,,*##### ##...#.##.
,,,,,,,***,,,,,*#.#.####....##...
.,,,,,,* *,,,,,*#....##..........
.o,, ,,* *******#...##...........
o..,,,,* #................
....,,,* #................
...oo### #####................
...o.oo######..)@................
.....##.#..#...o...#....<........
#...,#..o[.[)..).................
......#....#..........)[.........
#.#........#...#......)..........
#*##..#....##....................
######........................
#...#....................
*#...............#.......#


You could see an orc sorcerer.

Vanquished Creatures
  An orc warlord (Orc:4)
  An ettin (Orc:3)
  The ghost of BoredOne the Basher, a powerful OgHu of Okawaru (Lair:2)
  Fannar (Orc:2)
  Harold (Lair:1)
  2 hydras
  Erica (Orc:2)
  6 death yaks
  A catoblepas (Lair:5)
  2 giant amoebae (Lair:8)
  Pikel (D:8)
  An orc knight (Orc:3)
  A necromancer (Lair:3)
  A griffon (Lair:8)
  6 black mambas
  7 elephants (Lair:7)
  A spriggan druid (Lair:8)
  12 spiny frogs
  8 spriggans (Lair:8)
  6 fire drakes
  A giant firefly (Lair:8)
  6 komodo dragons
  19 orc warriors
  5 trolls
  A boulder beetle (Lair:7)
  Prince Ribbit (D:8)
  26 blink frogs
  2 brown oozes (Lair:8)
  3 grizzly bears (Lair:8)
  32 yaks
  2 basilisks
  A steam dragon (Lair:6)
  A yellow wasp (D:8)
  5 hippogriffs
  21 wolves
  A swamp drake (Lair:8)
  3 ice beasts
  12 porcupines
  6 black bears (Lair:8)
  A phantom (D:7)
  8 ogres
  A sky beast (D:9)
  A gnoll sergeant (D:8)
  7 giant goldfish
  The ghost of Impy the Poker, an average DsGl (D:3)
  12 crocodiles
  7 wargs
  19 water moccasins
  A boring beetle (Lair:4)
  5 centaurs
  9 giant slugs
  5 agate snails
  A brain worm (Lair:7)
  14 giant frogs
  13 killer bees
  3 jellyfish (Lair:5)
  3 wights (D:9)
  A yak skeleton (D:8)
  A giant frog zombie (D:8)
  14 hounds
  2 jellies
  A centaur zombie (D:5)
  2 crimson imps
  A goliath beetle (Lair:4)
  12 orc priests
  A centaur skeleton (D:6)
  9 spiders (Lair:4)
  A gnoll shaman (D:4)
  5 iguanas
  A scorpion (D:4)
  19 orc wizards
  6 worker ants
  3 grizzly bear simulacra (Lair:3)
  An orange rat (Sewer)
  13 sheep
  Jessica (D:2)
  An ogre skeleton (D:5)
  56 green rats
  29 gnolls
  25 adders
  2 hound simulacra (Lair:3)
  A giant centipede (Lair:3)
  5 giant mites
  2 inept feature mimics
  19 worms
  An adder skeleton (D:5)
  7 grey rats
  6 giant geckos
  An ooze (D:2)
  142 orcs
  4 sheep simulacra (Lair:3)
  6 ball pythons
  15 bats
  7 giant cockroaches
  9 hobgoblins
  22 jackals
  15 quokkas
  A training dummy (D:8)
  A giant gecko skeleton (D:8)
  15 giant newts
  A giant spore (D:6)
  37 goblins
  A hobgoblin skeleton (D:5)
  24 kobolds
  A kobold zombie (D:4)
  An orc skeleton (D:8)
  A quokka zombie (D:8)
  31 rats
  2 rat simulacra (Lair:3)
  9 ballistomycetes
914 creatures vanquished.

Vanquished Creatures (collateral kills)
  4 hydras
  An orc high priest (Orc:4)
  The ghost of Zapata the Nimble, an experienced KoBe of Trog (D:6)
  A komodo dragon (Lair:3)
  An iron devil (Orc:4)
  A hippogriff (Lair:6)
  4 wolves (Lair:4)
  3 orc warriors (Orc:4)
  2 giant frogs (Lair:7)
  2 orc wizards (Orc:4)
  A spider (Lair:4)
  An orc priest (Orc:4)
  An adder (Lair:4)
  2 orcs (Orc:4)
  A quokka (Lair:6)
26 creatures vanquished.

Vanquished Creatures (others)
  A troll (Lair:3)
  A two-headed ogre (Lair:2)
  4 slaves (D:8)
  2 ogres
  A giant frog (D:8)
  3 gnolls (D:8)
  A bat skeleton (D:6)
  A jackal (Lair:1)
  3 giant spores
  3 fungi
20 creatures vanquished.

Grand Total: 960 creatures vanquished

Notes
Turn   | Place    | Note
--------------------------------------------------------------
     0 | D:1      | Impy, the Demonspawn Berserker, began the quest for the Orb.
     0 | D:1      | Reached XP level 1. HP: 18/18 MP: 0/0
   153 | D:1      | Gained mutation: You are surrounded by a mild repulsion field (EV +2). [demonic ancestry]
   153 | D:1      | Reached XP level 2. HP: 22/24 MP: 1/1
   321 | D:1      | Acquired Trog's second power
   430 | D:1      | Reached XP level 3. HP: 30/30 MP: 2/2
   956 | D:2      | Noticed Jessica
   961 | D:2      | Killed Jessica
   961 | D:2      | Reached XP level 4. HP: 36/36 MP: 3/3
  1029 | D:2      | Found a sparkling altar of Nemelex Xobeh.
  1738 | D:3      | Reached skill level 4 in Fighting
  1834 | D:3      | Gained mutation: You have a pair of small antennae on your head. [demonic ancestry]
  1834 | D:3      | Reached XP level 5. HP: 37/42 MP: 4/4
  1835 | D:3      | Found a glowing drain.
  1891 | D:3      | Acquired Trog's third power
  1899 | Sewer    | Entered a sewer
  2322 | Sewer    | Noticed Duskembrace's ghost (average MiBe)
  2418 | Sewer    | Gained mutation: You can steal the life force of nearby defeated enemies. [demonic ancestry]
  2418 | Sewer    | Reached XP level 6. HP: 16/49 MP: 5/5
  2711 | D:3      | Noticed Impy's ghost (average DsGl)
  2719 | D:3      | Killed Impy's ghost
  2957 | D:3      | Paralysed by a potion of paralysis for 6 turns
  3079 | D:3      | Found a glowing silver altar of Zin.
  3129 | D:4      | Found a staircase to the Ecumenical Temple.
  3181 | D:4      | Reached skill level 5 in Fighting
  3191 | D:4      | Reached XP level 7. HP: 55/55 MP: 6/6
  3255 | D:4      | Got a pair of encrusted boots
  3261 | D:4      | Reached skill level 5 in Long Blades
  3275 | D:4      | Identified the +1 pair of boots of Egalitarianism {MR++ Int+4 Stlth--} (You found it on level 4 of the Dungeon)
  3718 | D:4      | Found a radiant altar of Vehumet.
  4057 | D:5      | Entered Level 5 of the Dungeon
  4112 | D:5      | Got a shimmering quarterstaff
  4113 | D:5      | Identified the +4,+4 quarterstaff "Schacs" {speed, SInv} (You found it on level 5 of the Dungeon)
  4277 | D:5      | Reached skill level 1 in Staves
  4430 | D:5      | Reached skill level 5 in Armour
  4430 | D:5      | Gained mutation: When hurt, damage is shared between your health and your magic reserves. [demonic ancestry]
  4430 | D:5      | Reached XP level 8. HP: 37/62 MP: 7/7
  4579 | D:5      | Received a gift from Trog
  4708 | D:6      | Reached skill level 6 in Fighting
  5062 | D:6      | Identified a scroll of acquirement
  5190 | D:6      | Noticed Zapata's ghost (experienced KoBe)
  5231 | D:6      | Killed Zapata's ghost
  5231 | D:6      | Reached skill level 7 in Fighting
  5231 | D:6      | Reached XP level 9. HP: 48/70 MP: 1/8
  6079 | D:7      | Reached skill level 8 in Fighting
  6444 | D:8      | Noticed Pikel
  6452 | D:8      | Killed Pikel
  6581 | D:8      | Noticed Prince Ribbit
  6609 | D:8      | Killed Prince Ribbit
  6609 | D:8      | Gained mutation: You regenerate magic rapidly. [demonic ancestry]
  6609 | D:8      | Reached XP level 10. HP: 76/79 MP: 3/9
  6719 | D:8      | Reached skill level 9 in Fighting
  6771 | D:8      | Found an iron altar of Okawaru.
  6794 | D:8      | Received a gift from Trog
  7276 | D:8      | Paralysed by a yellow wasp for 1 turns
  7412 | D:9      | Found a staircase to the Lair.
  7802 | D:9      | Found Uquam's General Store.
  7833 | D:9      | Found a staircase to the Orcish Mines.
  7969 | D:9      | Found a deep blue altar of Sif Muna.
  8145 | D:9      | Received a gift from Trog
  8148 | D:9      | Got a brightly glowing triple sword {god gift}
  8150 | D:9      | Identified the -1,+5 triple sword "Twoegybe" {slice, Int-1} (Trog gifted it to you on level 9 of the Dungeon)
  8165 | D:9      | Reached skill level 10 in Fighting
  8202 | D:9      | Found a basalt altar of Yredelemnul.
  8203 | D:9      | Found a glowing golden altar of the Shining One.
  8204 | D:9      | Noticed an angel
  8286 | D:9      | Noticed a profane servitor
  8345 | D:9      | Found an ancient bone altar of Kikubaaqudgha.
  8345 | D:9      | Found a burning altar of Makhleb.
  8477 | Lair:1   | Entered Level 1 of the Lair of Beasts
  8692 | Lair:1   | Noticed Harold
  8695 | Lair:1   | Reached XP level 11. HP: 87/87 MP: 10/10
  8711 | Lair:1   | Killed Harold
  8840 | Lair:1   | Noticed an oklob plant
  9976 | Lair:2   | Noticed a seven-headed hydra
  9977 | Lair:2   | Noticed BoredOne's ghost (powerful OgHu)
  9982 | Lair:2   | Killed a nine-headed hydra
  9986 | Lair:2   | Killed BoredOne's ghost
  9987 | Lair:2   | Reached skill level 10 in Long Blades
 10234 | Lair:2   | Received a gift from Trog
 10587 | Lair:2   | Reached skill level 11 in Fighting
 11231 | Lair:3   | Noticed a seven-headed hydra
 11236 | Lair:3   | Reached skill level 10 in Armour
 11241 | Lair:3   | Killed a nine-headed hydra
 11781 | Lair:3   | Noticed a necromancer
 11790 | Lair:3   | Killed a necromancer
 12581 | Lair:4   | Received a gift from Trog
 12892 | Lair:4   | Gained mutation: When low on magic, you restore magic in place of health. [demonic ancestry]
 12892 | Lair:4   | Reached XP level 12. HP: 79/96 MP: 9/11
 13295 | Lair:4   | Noticed a five-headed hydra
 13301 | Lair:4   | Killed a six-headed hydra
 13371 | Lair:4   | Reached skill level 12 in Fighting
 13426 | Lair:4   | Found a hole to the Spider Nest.
 14724 | Lair:5   | Received a gift from Trog
 14727 | Lair:5   | Got a bloodstained longbow {god gift}
 14735 | Lair:5   | Identified the +8,+7 longbow "Ishietao" {venom, Str+2} (Trog gifted it to you on level 5 of the Lair of Beasts)
 15721 | Lair:6   | Gained mutation: You are surrounded by a moderate repulsion field (EV +3). [demonic ancestry]
 15721 | Lair:6   | Reached XP level 13. HP: 54/104 MP: 9/12
 15799 | Lair:6   | Reached skill level 13 in Fighting
 15800 | Lair:6   | Received a gift from Trog
 16208 | Lair:6   | Found a shimmering altar of Xom.
 16254 | Lair:6   | Noticed an eight-headed hydra
 16261 | Lair:6   | Killed a ten-headed hydra
 16972 | Lair:7   | Got a pair of smoking boots
 16973 | Lair:7   | Identified the +2 pair of boots of the Shining One's Hope {Dex+2 Int-3 Dam+2} (You found it on level 7 of the Lair of Beasts)
 17039 | Lair:7   | Received a gift from Trog
 17806 | Lair:8   | Entered Level 8 of the Lair of Beasts
 17807 | Lair:8   | Upgraded the game from 0.13.0-26-gf7ffa3a to 0.13.0-28-g1b50097
 18054 | Lair:8   | Reached skill level 14 in Fighting
 18151 | Lair:8   | Found a staircase to the Slime Pits.
 18384 | Lair:8   | Reached XP level 14. HP: 111/114 MP: 13/13
 18393 | Lair:8   | Received a gift from Trog
 19518 | Orc:1    | Entered Level 1 of the Orcish Mines
 19573 | Orc:1    | Found Qigam's Magic Scroll Boutique.
 19657 | Orc:1    | Found a roughly hewn altar of Beogh.
 19707 | Orc:1    | Found Mnuqauc's Gadget Shoppe.
 19754 | Orc:1    | Found Axiew's Magic Scroll Shoppe.
 19766 | Orc:1    | Bought a scroll of acquirement for 780 gold pieces
 19770 | Orc:1    | Got a steaming buckler
 19850 | Orc:1    | Found Jehykk's Magic Scroll Boutique.
 19861 | Orc:1    | Received a gift from Trog
 19870 | Orc:1    | Bought a scroll of acquirement for 572 gold pieces
 19884 | Orc:1    | Found Isear's Armour Boutique.
 20180 | Orc:2    | Found Ynelaes' Magical Wand Shop.
 20293 | Orc:2    | Received a gift from Trog
 20348 | Orc:2    | Noticed Erica
 20355 | Orc:2    | Killed Erica
 20438 | Orc:2    | Noticed Fannar
 20451 | Orc:2    | Killed Fannar
 20773 | Orc:3    | Found a staircase to the Elven Halls.
 21332 | Orc:3    | Found Klyr's Distillery.
 21401 | Orc:2    | Received a gift from Trog
 21435 | Orc:4    | Entered Level 4 of the Orcish Mines
 21453 | Orc:4    | Found a flagged portal.
 21472 | Bailey   | Entered a bailey
 21799 | Orc:4    | Noticed an orc warlord
 21820 | Orc:4    | Killed an orc warlord
 21896 | Orc:4    | Received a gift from Trog
 22168 | Orc:4    | Killed from afar by an orc sorcerer

Action                   |  1- 3 |  4- 6 |  7- 9 | 10-12 | 13-15 || total
-------------------------+-------+-------+-------+-------+-------++-------
Melee: Falchion          |   135 |    77 |       |       |       ||   212
       Long sword        |       |   263 |   115 |       |       ||   378
       Quarterstaff      |       |       |    50 |       |       ||    50
       Great sword       |       |       |   256 |   198 |    18 ||   472
       Triple sword      |       |       |       |   680 |   959 ||  1639
Throw: Throwing net      |       |       |     2 |     5 |       ||     7
       Javelin           |       |       |       |       |     1 ||     1
Invok: Berserk           |       |     2 |     5 |     5 |     2 ||    14
       Brothers in Arms  |       |       |     1 |     6 |     4 ||    11
       Trog's Hand       |       |       |     1 |       |       ||     1
Evoke: Wand              |       |     4 |     3 |     8 |     1 ||    16
  Use: Scroll            |     5 |     3 |    14 |    10 |    11 ||    43
       Potion            |     1 |     8 |     5 |     4 |       ||    18
 Stab: Invisible         |       |       |       |     4 |       ||     4
